 Dungeon Crawl Stone Soup version 0.29-a0-43-g62a80824bf (webtiles) character file.

Game seed: 14951630623326399567

664 Dordric the Archer (level 7, -2/38 HPs)
             Began as a Deep Elf Hunter on Feb 3, 2022.
             Slain by a gnoll (7 damage)
             ... on level 4 of the Dungeon.
             The game lasted 00:06:41 (4056 turns).

Dordric the Archer (Deep Elf Hunter)                Turns: 4056, Time: 00:06:42

Health: -2/38      AC:  5    Str:  9    XL:     7   Next: 31%
Magic:  9/9        EV: 12    Int: 16    God:
Gold:   209        SH:  0    Dex: 17    Spells: 6/6 levels left

rFire   . . .      SeeInvis .   b - +0 short sword
rCold   . . .      Faith    .   (no shield)
rNeg    . . .      Spirit   .   c - +1 leather armour
rPois   .          Reflect  .   (no helmet)
rElec   .          Harm     .   d - +0 cloak
rCorr   .          Rampage  .   (no gloves)
Will    .....                   (no boots)
Stlth   ++........              g - amulet of magic regeneration
HPRegen 0.12/turn               (no ring)
MPRegen 0.51/turn               (no ring)

@: no status effects
A: no striking features
a: no special abilities


You were on level 4 of the Dungeon.
You visited 1 branch of the dungeon, and saw 5 of its levels.

You collected 209 gold pieces.

Inventory:

Hand Weapons
 a - a +2 shortbow
 b - a +0 short sword (weapon)
 f - a +0 dagger of protection
Armour
 c - a +1 leather armour (worn)
 d - a +0 cloak (worn)
Jewellery
 g - an amulet of magic regeneration (around neck)
Scrolls
 k - a scroll of silence
 l - a scroll of fog
Potions
 h - a potion of might {unknown}
 m - a potion of berserk rage {unknown}
 n - a potion of lignification {unknown}
 o - 3 potions of curing
 q - a potion of attraction {unknown}


   Skills:
 - Level 1.5 Fighting
 - Level 1.0 Short Blades
 + Level 10.8 Bows
 - Level 2.2 Armour
 + Level 2.5 Dodging
 + Level 1.3 Stealth


You had 6 spell levels left.
You didn't know any spells.
Your spell library was empty.

Dungeon Overview and Level Annotations

Branches:
Dungeon (5/15)
 Temple: D:4-7

Altars:
Elyvilon
Fedhas

Annotations:
D:4 Edmund


Message History

You are too injured to fight recklessly!
You are too injured to fight recklessly!
You are too injured to fight recklessly!
You are too injured to fight recklessly!
You are too injured to fight recklessly!
You are too injured to fight recklessly!
You are too injured to fight recklessly!
You are too injured to fight recklessly!
You are too injured to fight recklessly!
You are too injured to fight recklessly!
You hit the gnoll but do no damage.
The gnoll is moderately wounded.
The gnoll barely misses you.
You hit the gnoll.
The gnoll is heavily wounded.
The gnoll completely misses you.
You barely miss the gnoll. Your punch misses the gnoll.
The gnoll is heavily wounded.
The gnoll hits you with a +0 flail!
* * * LOW HITPOINT WARNING * * *
You hit the gnoll but do no damage.
The gnoll is heavily wounded.
The gnoll hits you but does no damage.
You hit the gnoll but do no damage.
The gnoll is heavily wounded.
The gnoll closely misses you.
You hit the gnoll but do no damage.
The gnoll is heavily wounded.
The gnoll barely misses you.
You hit the gnoll.
The gnoll is severely wounded.
The gnoll hits you with a +0 flail.
* * * LOW HITPOINT WARNING * * *
You closely miss the gnoll.
The gnoll is severely wounded.
The gnoll drinks a potion.
The gnoll is healed!
You hit the gnoll.
The gnoll is moderately wounded.
The gnoll hits you with a +0 flail!
You die...

*,,***,,,,,***..#*
*,,,****,,,* *#.##
*,,,,**#.,,*###..#
,,*,,,.#...##....###
,**,,,.....!.......#
***,,,.......##....# *
*,,,.....###.....## *
*,,,....##........# *
*,,,..........@...#
**,,..,....###.g.##*
****,,.,,...#**....#,*
*,,,,......###.......*
*,,,,,.....,........##
***,,,,(..,,........#*
**,,,,,,..##(........*
*,,,,,,,,..(.##.....##
,,,,,,,,,,((.,,,**..#


You could see a gnoll.

Vanquished Creatures
  Sigmund (D:3)
  An ogre (D:3)
  A centaur skeleton (D:4)
  Jessica (D:3)
  Natasha (thrice) (D:3)
  2 gnolls (D:4)
  5 adders
  An adder skeleton (D:4)
  A worm (D:2)
  3 dart slugs
  5 orcs
  5 ball pythons
  5 bats
  4 endoplasms
  4 giant cockroaches
  4 hobgoblins
  3 jackals
  2 quokkas
  A frilled lizard (D:2)
  7 goblins
  3 kobolds
  5 rats
67 creatures vanquished.

Vanquished Creatures (collateral kills)
  A necrophage (D:5)
  A phantom (D:5)
  An orc (D:5)
3 creatures vanquished.

Vanquished Creatures (others)
  2 fungi (D:4)
2 creatures vanquished.

Grand Total: 72 creatures vanquished

Notes
Turn   | Place    | Note
-------+----------+-------------------------------------------
     0 | D:1      | Dordric the Deep Elf Hunter began the quest for the Orb.
     0 | D:1      | Reached XP level 1. HP: 12/12 MP: 3/3
    38 | D:1      | You fall into a shaft and drop 1 floor!
   137 | D:2      | Reached skill level 6 in Bows
   137 | D:2      | Reached XP level 2. HP: 16/16 MP: 4/4
   411 | D:1      | Reached XP level 3. HP: 19/20 MP: 5/5
   799 | D:2      | Reached skill level 7 in Bows
  1253 | D:3      | Noticed Jessica
  1259 | D:3      | Killed Jessica
  1260 | D:3      | Reached XP level 4. HP: 25/25 MP: 6/6
  1324 | D:3      | Noticed Natasha
  1327 | D:3      | Killed Natasha
  1328 | D:3      | Reached skill level 8 in Bows
  1391 | D:3      | Noticed an ogre
  1769 | D:3      | Noticed Natasha
  1772 | D:3      | Killed Natasha
  1773 | D:3      | Reached XP level 5. HP: 29/29 MP: 7/7
  2087 | D:3      | Killed an ogre
  2088 | D:3      | Reached skill level 9 in Bows
  2088 | D:3      | Reached skill level 1 in Armour
  2212 | D:3      | Noticed Natasha
  2220 | D:3      | Killed Natasha
  2221 | D:3      | Reached XP level 6. HP: 17/34 MP: 8/8
  2379 | D:3      | Noticed Sigmund
  2386 | D:3      | Killed Sigmund
  2387 | D:3      | Reached skill level 10 in Bows
  2622 | D:4      | Found a white marble altar of Elyvilon.
  2636 | D:4      | Noticed Edmund
  2933 | D:4      | Found a blossoming altar of Fedhas.
  3341 | D:5      | Entered Level 5 of the Dungeon
  3585 | D:5      | Reached XP level 7. HP: 12/38 MP: 9/9
  3587 | D:5      | Reached skill level 1 in Short Blades
  4056 | D:4      | Slain by a gnoll

Illustrated notes

Levels and vault maps discovered:
D:1:      sevenhm_arrival_forest_fort_small_4, layout_basic, minmay_heptomino_h4
D:2:      layout_rooms, kennysheep_potato
D:3:      layout_basic, uniq_natasha, uniq_jessica, uniq_sigmund
D:4:      kennysheep_six_static_rooms, layout_layer_cave,
          mainiacjoe_overflow_six_doors_small, fedhas_altar_3,
          nicolae_wu_jian_glorious_leap, minmay_starry_boxes, uniq_edmund,
          uniq_blork_the_orc
D:5:      wad_crossroads, layout_loops_ring, amcnicky_altar_gilded,
          minmay_temple_entry_fiery, portal_sewer_entry_e, enter_ossuary_1,
          minmay_bent

Skill      XL: |  1  2  3  4  5  6  7 |
---------------+----------------------+-----
Bows           | 6 7 8 9 10 | 10.8
Armour         | 1 2 |  2.2
Short Blades   | 1 |  1.0
Fighting       | |  1.5
Dodging        | |  2.5
Stealth        | |  1.3

Action                   |  1- 3 |  4- 6 |  7- 9 || total
-------------------------+-------+-------+-------++-------
Melee: Dagger            |     1 |    67 |    16 ||    84
       Punch             |       |     1 |     2 ||     3
       Short sword       |       |       |    19 ||    19
 Fire: Shortbow          |   111 |    83 |    11 ||   205
  Use: Scroll            |       |     7 |     3 ||    10
 Stab: Sleeping          |       |     1 |       ||     1
Armor: Leather armour    |    10 |    26 |    21 ||    57
Dodge: Dodged            |    15 |    56 |    20 ||    91

Table legend: (Time is in decaauts)
 A = Elapsed time spent in this place.
 B = Non-inter-level travel time spent in this place.
 C = Inter-level travel time spent in this place.
 D = Time resting spent in this place.
 E = Time spent auto-exploring this place.
 F = Levels seen in this place.
 G = Mean time per level.
                   A        B        C        D        E       F      G
               +--------+--------+--------+--------+--------+-----+--------+
         Total |   4055 |   3989 |     66 |      0 |   3136 |   5 |  811.0 |
       Dungeon |   4055 |   3989 |     66 |      0 |   3136 |   5 |  811.0 |
               +--------+--------+--------+--------+--------+-----+--------+

Top non-repeatable levels by time:
     D:3: 1557 daAuts
     D:4: 751 daAuts
     D:2: 749 daAuts
     D:1: 610 daAuts
     D:5: 386 daAuts
